← All builds
Tech / Armada / Economy first / OBSERVED BUILD

Standard tech

Armada Tech (Eco) build order · Supreme Isthmus

Rushes T2 factory and T2 constructor to supply the team, upgrading mexes first and sending the first T2 constructor to Geo before scaling its own eco.

Usually first T2 con to Geo (82%)

#eco #t2 #team support · 1779 distinct matches · 271 players · 59% of Armada Tech games · team won 54% of 2103 · Recently observed

HOW TO PLAY IT

Key timing: T2 factory by 4:15

  1. Open 3 mex and heavy wind to fund a fast T2 rush.
  2. Put down Bot Lab, planning to eat it for reclaim soon after.
  3. Get Advanced Bot Lab up, hitting the T2 factory rush timing.
  4. Upgrade mex to Advanced Metal Extractor to lock in team metal income.
  5. Eat Advanced Bot Lab and keep sending cons to Geo and Pond.

Phase by phase

TYPICAL OF ITS 1779 GAMES
  1. 1
  2. 2
  3. 3
  4. 4
PLAY THE OPENING

Follow the example game's first 6:00 step by step: what to build now, what comes next, and where it goes. At 1× it keeps pace with your own game.

  1. 1

    Up to the Bot Lab

    Economy
    • Metal Extractor3Mex
    • Wind Turbine4Wind
    Order
    1. Bot LabBot Lab after 3 mex, 4 winddone ~1:18, middle half 1:13–1:32

    Some games also: energy storage (32%)

    By 1:01 in all: 3 mex · 4 wind

    The example game in this phase · 4 steps
    1. Mex ×3
    2. Wind ×4
    3. Energy storage
    4. Bot LabBot Labdone 1:34 · typical 1:18
  2. 2

    Bot Lab to Advanced Bot Lab

    Economy
    • Metal Extractor1Mex
    • Wind Turbine8Wind
    • Energy Storage1Energy storage
    Order
    1. Advanced Bot LabAdvanced Bot Lab after 4 mex, 12 wind, 3 con turretdone ~4:16, middle half 4:04–4:30
    Builders
    • Construction Turret3 Con turret
    • Lazarus3 Lazarus
    • Construction Bot2 Con bot
    • Construction Bot1 Con bot for allies

    Some games also: converter (36%)

    By 3:18 in all: 4 mex · 12 wind · 1 energy storage · 3 con turret

    The example game in this phase · 10 steps
    1. LazarusLazarus ×4
    2. Construction BotCon botfor Air
    3. Construction BotCon bot ×3
    4. Wind
    5. Con turret
    6. Mex
    7. Wind
    8. Con turret ×2
    9. Wind
    10. Advanced Bot LabAdvanced Bot Labdone 4:06 · typical 4:16
  3. 3

    Advanced Bot Lab to 5:00

    Economy
    • Wind Turbine3Wind
    Order
    1. Bot LabEat Bot Lab
    Builders
    • Advanced Construction Bot1 T2 con bot for allies

    Some games also: converter (35%)

    By 5:00 in all: 4 mex · 15 wind · 1 converter · 1 energy storage · 3 con turret

    The example game in this phase · 9 steps
    1. Wind ×2
    2. Bot LabEat Bot Labreclaimed for its metal
    3. Wind ×4
    4. Advanced Construction BotT2 con botfor Geo
    5. Wind ×2
    6. Converter
    7. Advanced Metal ExtractorT2 mexdone 5:11 · typical 5:28
    8. Wind ×3
    9. Converter
  4. 4

    5:00 to 10:00

    Economy
    • Wind Turbine43Wind
    • Energy Converter6Converter
    Builders
    • Butler9 Butler
    • Advanced Construction Bot4 T2 con bot for allies
    • Advanced Construction Bot1 T2 con bot

    Some games also: con turret (42%) · Butler for allies (36%)

    By 10:00 in all: 4 mex · 59 wind · 8 converter · 1 energy storage · 3 con turret

    The example game in this phase · 173 steps
    1. Converter
    2. Advanced Construction BotT2 con botfor Air
    3. Converter
    4. Wind ×4
    5. Converter
    6. Advanced Metal ExtractorT2 mex
    7. Wind ×5
    8. Advanced Metal ExtractorT2 mex
    9. Converter
    10. Wind
    11. Advanced Construction BotT2 con botfor Beach sea
    12. Wind ×3
    13. Converter
    14. Advanced Construction BotT2 con botfor Geo sea
    15. Wind
    16. Converter
    17. ButlerButler
    18. Wind
    19. ButlerButler
    20. Converter
    21. Wind
    22. ButlerButler
    23. Converter
    24. ButlerButler
    25. Wind ×2
    26. Advanced Metal ExtractorT2 mex
    27. Wind ×2
    28. Converter
    29. Wind
    30. ButlerButler
    31. Wind
    32. ButlerButler
    33. Wind
    34. Advanced Construction BotT2 con botfor Pond
    35. Converter
    36. Wind
    37. Converter
    38. Wind ×2
    39. Converter
    40. ButlerButler
    41. Converter
    42. Wind ×3
    43. ButlerButler
    44. Wind
    45. Converter
    46. Wind ×2
    47. ButlerButler
    48. Converter
    49. Wind ×2
    50. Converter
    51. Wind
    52. ButlerButler
    53. Wind ×3
    54. Converter ×2
    55. Wind ×5
    56. Converter ×2
    57. Wind ×5
    58. Converter
    59. Wind ×5
    60. Converter
    61. FatboyFatboyfor Frontdone 9:55
    62. Wind ×5
    63. Converter
    64. Wind
    65. Converter
    66. Wind ×5
    67. Converter
    68. Wind ×2
    69. Converter
    70. Wind ×5
    71. Converter
    72. Wind ×6
    73. Converter
    74. Wind
    75. Converter
    76. Wind ×9
    77. Converter
    78. Wind ×2
    79. ButlerButler
    80. Wind
    81. Advanced Construction BotT2 con bot
    82. Wind ×3
    83. Converter ×2
    84. Wind ×4
    85. Con turret
    86. Wind ×4
    87. Converter
    88. Wind ×3
    89. Con turret
    90. Wind
    91. Fusion ReactorFusiondone 11:40
    92. Wind ×2
    93. Converter
    94. Wind ×2
    95. Con turret
    96. Wind ×5
    97. Converter ×2
    98. Wind ×9
    99. Converter
    100. Wind ×5
    101. Converter
    102. Wind ×8
    103. Converter
    104. Wind
    105. Converter
    106. Wind ×7
    107. Advanced Bot LabEat Advanced Bot Labreclaimed for its metal
    108. Converter
    109. Con turret
    110. Wind ×6
    111. Fusion ReactorFusion
    112. Converter
    113. Wind ×3
    114. Con turret
    115. Wind
    116. Con turret
    117. Wind ×3
    118. Converter
    119. Wind ×3
    120. Converter
    121. Wind ×3
    122. Converter
    123. Wind ×7
    124. Converter
    125. Wind
    126. Converter
    127. Wind ×2
    128. Converter
    129. Wind
    130. Fusion ReactorFusion
    131. Converter
    132. Wind
    133. Converter
    134. Wind ×2
    135. Converter
    136. Wind ×2
    137. Converter
    138. Wind ×2
    139. Converter
    140. Wind
    141. Converter ×2
    142. Wind ×2
    143. Con turret
    144. Converter
    145. Wind ×2
    146. Con turret
    147. Wind
    148. Con turret
    149. Converter
    150. Con turret
    151. CitadelAnti-nukedone 14:46
    152. Converter
    153. Con turret ×2
    154. Converter
    155. Con turret ×2
    156. Converter
    157. Con turret ×4
    158. Converter
    159. Con turret ×3
    160. Converter
    161. Con turret ×3
    162. Converter ×2
    163. Aircraft PlantAircraft Plantdone 14:30
    164. Con turret
    165. Aircraft PlantAircraft Plantdone 14:36
    166. Converter
    167. FinchFinch ×2
    168. Converter
    169. ValiantValiant ×4
    170. TracerTracer
    171. ValiantValiant ×7
    172. Converter
    173. ValiantValiant ×8

Counts are medians over the build's games: half of them build more, half fewer. The example game is Ihatesea's (30 OS, 15/10/2026); pick another.

Team trades

IN AT LEAST 30% OF ITS GAMES

You hand over

  • Construction Bot1 Con bot to Airfirst at 2:23 · in 83% of games
  • Advanced Construction Bot5 T2 con bot to Air or Pond or Geo seafirst at 4:51 · in 99% of games
  • Butler2 Butler to Geo sea or Beach sea or Pondfirst at 9:06 · in 42% of games

You get

  • Hercules1 Light transport from Airfirst at 4:01 · in 86% of games

How it plays out

Typical game of this build, running totals by minute

Metal produced

020k40k
0:005:0010:0015:00

metal

Enemy metal destroyed

050100
0:005:0010:0015:00

metal

Own metal lost

050100150
0:005:0010:0015:00

metal

2103 games.

Show as table
ByMetal produced: This buildEnemy metal destroyed: This buildOwn metal lost: This build
1:0038300
2:0091500
3:00165500
4:00314800
5:00484700
6:00580500
7:00724700
8:00908400
9:001121800
10:001354500
11:001626000
12:001967800
13:002346800
14:0027372074
15:003159093130
WHAT THE NUMBERS SAY

Standard Tech play barely fights at all early, instead pouring metal into T2 infrastructure and constructors for the team.

  • + Metal produced hits 31679 by 15:00, by far the highest of any role here.
  • + T2 factory reached in 97% of games by 4:15, fastest and most reliable T2 timing.
  • − Enemy metal destroyed stays at 0 through 10:00, no early offense at all.
  • − Own metal lost also near 0, showing total avoidance of combat risk.
THE EXAMPLE YOU ARE READING

Ihatesea

30.4 OS · 15/10/2026

Open source match ↗

3 received units · includes a constructor
3384 metal received · 100399 energy received

Allied construction assistance is unknown. Timings are observations, not a promise of solo reproducibility.

Typical milestones

Bot Lab1:18Middle 50%: 1:13–1:32 · n=2103
Advanced Bot Lab4:16Middle 50%: 4:04–4:30 · n=2096
Advanced Metal Extractor5:28Middle 50%: 5:05–5:58 · n=2099

Played most by

Amrissa97games of this buildTheGeneraI70games of this buildAdeus62games of this buildUncle_Cane60games of this buildCrouxy54games of this build
Standard tech · Armada Tech (Eco) build order · BAR Build Atlas